 Dungeon Crawl Stone Soup version 0.28.0 (webtiles) character file.

Game seed: 5231338829578378030

423 bonscott the Grave Robber (level 6, -2/43 HPs)
             Began as a Vampire Necromancer on Feb 15, 2022.
             Slain by an ogre (29 damage)
             ... on level 4 of the Dungeon on Feb 16, 2022.
             The game lasted 00:28:41 (4687 turns).

bonscott the Grave Robber (Vampire Necromancer)     Turns: 4687, Time: 00:28:42

Health: -2/43      AC:  4    Str:  9    XL:     6   Next: 63%
Magic:  9/12       EV: 12    Int: 18    God:
Gold:   124        SH:  0    Dex: 14    Spells: 9/13 levels left

rFire   . . .      SeeInvis +   a - +2 spear (vamp)
rCold   . . .      Faith    .   (no shield)
rNeg    . . .      Spirit   .   g - +0 leather armour
rPois   .          Reflect  .   (no helmet)
rElec   .          Harm     .   (no cloak)
rCorr   +          Rampage  .   (no gloves)
Will    .....                   B - +0 pair of boots
Stlth   ++........              (no amulet)
HPRegen 0.34/turn               n - ring of resist corrosion
MPRegen 0.13/turn               (no ring)

@: healing quickly
A: alive, fangs 3, see invisible, vampiric 2
a: Exsanguinate


You were on level 4 of the Dungeon.
You visited 1 branch of the dungeon, and saw 4 of its levels.

You collected 124 gold pieces.

Inventory:

Hand Weapons
 a - a +2 vampiric spear (weapon)
 b - a +1 dagger of protection
 c - a +0 dagger
 o - a +0 great sword
 z - a +0 vorpal mace
Missiles
 e - 6 boomerangs
 j - 23 bolts
 k - 44 arrows
 F - 161 stones
Armour
 g - a +0 leather armour (worn)
 s - a +0 ring mail
 y - a +0 buckler
 A - a +0 robe
 B - a +0 pair of boots (worn)
Jewellery
 n - a ring of resist corrosion (left hand)
Scrolls
 h - a scroll of immolation {unknown}
 p - 2 scrolls of teleportation {unknown}
 r - a scroll of blinking {unknown}
 u - a scroll of magic mapping {unknown}
 v - 3 scrolls of identify {unknown}
 x - 2 scrolls of fog {unknown}
Potions
 f - 3 potions of flight {unknown}
 i - a potion of ambrosia {unknown}
 l - a potion of heal wounds {unknown}
 m - a potion of berserk rage {unknown}
 q - 2 potions of might {unknown}
 t - a potion of cancellation {unknown}
 w - a potion of haste {unknown}


   Skills:
 + Level 1.3 Fighting
 - Level 4.0 Armour
 - Level 2.1 Dodging
 - Level 3.0 Stealth
 - Level 4.0 Spellcasting
 - Level 5.0 Necromancy


You had 9 spell levels left.
You knew the following spells:

 Your Spells              Type           Power      Damage    Failure   Level
i - Pain                  Necr           84%        1d8       2%          1
m - Vampiric Draining     Necr           21%        2d7       8%          3

Your spell library contained the following spells:

 Spells                   Type           Power      Damage    Failure   Level
 Animate Skeleton         Necr           42%        N/A       2%          1
 Animate Dead             Necr           10%        N/A       26%         4
 Call Canine Familiar     Summ           3%         N/A       52%         3
 Portal Projectile        Hex/Tloc       6%         N/A       52%         3
 Agony                    Necr           21%        N/A       56%         5
 Leda's Liquefaction      Hex/Erth       1%         N/A       89%         4


Dungeon Overview and Level Annotations

Branches:
Dungeon (4/15)
 Temple: D:4-7

Altars:
Fedhas
Hepliaklqana
Ru


Innate Abilities, Weirdness & Mutations

Your natural rate of healing is accelerated.
You have razor-sharp teeth.
You have supernaturally acute eyesight. (SInv)
You are afflicted with vampirism and can become a bat while bloodless.


Message History

Throw: 4 darts (poison)
Press: ? - help, Shift-Dir - straight line, f/p - ogre
Aim: an ogre, wielding a +0 giant spiked club (lightly wounded, 73% to hit)
You throw a poisoned dart. The poisoned dart hits the ogre.
The ogre is poisoned.
The ogre is lightly wounded.
Throw: 3 darts (poison)
Press: ? - help, Shift-Dir - straight line, f/p - ogre
Aim: an ogre, wielding a +0 giant spiked club (lightly wounded, poisoned, 73% to hit)
You throw a poisoned dart.
The poisoned dart barely misses the ogre.
Throw: 2 darts (poison)
Press: ? - help, Shift-Dir - straight line, f/p - ogre
Aim: an ogre, wielding a +0 giant spiked club (lightly wounded, poisoned, 73% to hit)
You throw a poisoned dart. The poisoned dart hits the ogre.
The ogre looks even sicker.
The ogre is lightly wounded.
The ogre looks more healthy.
Throw: dart (poison)
Press: ? - help, Shift-Dir - straight line, f/p - ogre
Aim: an ogre, wielding a +0 giant spiked club (lightly wounded, 73% to hit)
You throw a poisoned dart. The poisoned dart hits the ogre.
The ogre is lightly wounded.
Cast which spell? (? or * to list)
Aiming: Vampiric Draining (dangerous; 8% risk of failure)
Press: ? - help, Shift-Dir - straight line, f/p - ogre
Aim: an ogre, wielding a +0 giant spiked club (lightly wounded)
Okay, then.
You hit the ogre.
The ogre is moderately wounded.
The ogre hits you with a +0 giant spiked club!!
Casting: Vampiric Draining (dangerous; 8% risk of failure)
Confirm with . or Enter, or press ? or * to list all spells.
Aiming: Vampiric Draining (dangerous; 8% risk of failure)
Press: ? - help, Shift-Dir - straight line, f/p - ogre
Aim: an ogre, wielding a +0 giant spiked club (moderately wounded)
You draw life force from the ogre!
You feel life coursing into your body.
The ogre hits you with a +0 giant spiked club!!
Ouch! That really hurt!
You die...

.###....#.######........##.......
.'.......................'.......
.###....#.######.##...#.##.......
## #.#..#.# #.###.##.###...... #
#.##.#.# #.##..##.# ##.....
############## #.##.###.# ##...#
........# #..# #.##.###.######+##
.......####.)###.##.#.......##.#
........#.#.##(O@.......###.##.#
((...(...#.#...####.#.#####.##.##
........#.#.#### #.......#.#....
.......####..# ###.###.#......
........# #..# #.......#....
######### #### #####.####.#.
##.#.###.#. ##############
#.###...... .............##
##.#.###.##


You could see an ogre.

Vanquished Creatures
  2 necrophages (D:4)
  A scorpion (D:4)
  2 hounds (D:4)
  4 adders
  3 gnolls (D:3)
  3 worms
  3 orcs
  8 endoplasms
  A giant cockroach (D:4)
  6 goblins
  5 hobgoblins
  5 quokkas
  4 ball pythons
  3 bats
  5 frilled lizards
  9 kobolds
  5 rats
69 creatures vanquished.

Notes
Turn   | Place    | Note
-------+----------+-------------------------------------------
     0 | D:1      | bonscott the Vampire Necromancer began the quest for the
                  | Orb.
     0 | D:1      | Reached XP level 1. HP: 13/13 MP: 3/3
   666 | D:1      | Reached XP level 2. HP: 17/19 MP: 2/5
   843 | D:1      | Found a faded altar of an unknown god.
  1563 | D:2      | Gained mutation: You are afflicted with vampirism and can
                  | become a bat while bloodless. [Vampire growth]
  1563 | D:2      | Reached XP level 3. HP: 23/24 MP: 5/7
  1678 | D:2      | Reached skill level 5 in Necromancy
  1709 | D:2      | Learned a level 3 spell: Vampiric Draining
  2068 | D:2      | Found a sacrificial altar of Ru.
  2500 | D:3      | Reached XP level 4. HP: 30/30 MP: 7/9
  2791 | D:3      | You fall into a shaft and drop 1 floor!
  3003 | D:4      | Reached skill level 1 in Armour
  3065 | D:4      | Noticed a necrophage
  3109 | D:4      | Found a blossoming altar of Fedhas.
  3273 | D:4      | Reached XP level 5. HP: 34/35 MP: 8/11
  3863 | D:3      | Found a hazy altar of Hepliaklqana.
  4041 | D:4      | Noticed a necrophage
  4107 | D:4      | Killed a necrophage
  4108 | D:4      | Reached XP level 6. HP: 36/41 MP: 12/12
  4437 | D:4      | Reached skill level 1 in Fighting
  4687 | D:4      | Slain by an ogre

Illustrated notes

Levels and vault maps discovered:
D:1:      ebering_trefoil_3fold, layout_basic, hellmonk_ecumenical_altar_run_dry
D:2:      layout_loops_ring, basic_altar
D:3:      layout_rooms, nicolae_hepliaklqana_monster_ancestors
D:4:      layout_loops_corners, mainiacjoe_overflow_boulevard,
          wad_rectangle_vault

Skill      XL: |  1  2  3  4  5  6 |
---------------+-------------------+-----
Spellcasting   | 3 4 |  4.0
Necromancy     | 5 |  5.0
Armour         | 1 3 4 |  4.0
Fighting       | 1 |  1.3
Dodging        | |  2.1
Stealth        | |  3.0

Action                   |  1- 3 |  4- 6 || total
-------------------------+-------+-------++-------
Melee: Dagger            |    10 |       ||    10
       Unarmed           |     5 |       ||     5
       Bite              |     1 |     3 ||     4
       Spear             |       |    34 ||    34
       Punch             |       |     1 ||     1
Throw: Stone             |    35 |    11 ||    46
       Dart              |       |    19 ||    19
       Boomerang         |       |     4 ||     4
 Cast: Pain              |    84 |    40 ||   124
       Vampiric Draining |       |     5 ||     5
Evoke: Wand              |       |     4 ||     4
 Stab: Sleeping          |       |     4 ||     4
Armor: Robe              |     8 |     3 ||    11
Dodge: Dodged            |    29 |    24 ||    53
